 Dungeon Crawl Stone Soup version 0.14.2 (webtiles) character file.

8628 Goblin1989 the Cleaver (level 11, -1/100 HPs)
             Began as a Deep Dwarf Fighter on June 22, 2018.
             Was an Initiate of Makhleb.
             Killed from afar by a raiju (11 damage)
             ... with a living lightning
             ... on Level 1 of the Abyss on June 23, 2018.
             The game lasted 00:42:48 (8257 turns).

Goblin1989 the Cleaver (Deep Dwarf Fighter)         Turns: 8257, Time: 00:42:49

HP  -1/100       AC 18     Str 25 (28) XL: 11   Next:  9%
MP   5/5         EV  9     Int  9      God: Makhleb [......]
Gold 196         SH 25     Dex 15 (18) Spells:  1 memorised,  4 levels left

rFire  . . .     SeeInvis +     O - +2,+3 war axe
rCold  . . .     Clarity  .     F - +0 plate armour
rNeg   . . .     Conserve .     c - +0 shield
rPois  .         rCorr    .     (no helmet)
rElec  .         rRot     .     j - +0 cloak
SustAb . .       Spirit   .     (no gloves)
rMut   .         Warding  .     D - +2 pair of boots of Pandemonium {Dex+3 Acc-1 SInv}
Saprov . . .     Stasis   .     (no amulet)
MR     +....                    u - +3 ring of evasion
                                e - +3 ring of dexterity

@: non-regenerating, mighty, somewhat resistant to hostile enchantments,
extremely unstealthy
A: damage resistance, recharge devices, sense surroundings 2, slow healing 3
a: Device Recharging, Renounce Religion


You were on level 1 of the Abyss.
You worshipped Makhleb.
Makhleb was noncommittal.
You were not hungry.

You visited 2 branches of the dungeon, and saw 11 of its levels.
You visited the Abyss 1 time.

You collected 541 gold pieces.
You spent 345 gold pieces at shops.

Inventory:

Hand weapons
 k - a +0,-1 war axe of electrocution
 s - the cursed +3,+3 spear of Hudaful {vamp, rF+, unknown}
   (You found it on level 5 of the Dungeon)

   It inflicts no extra harm, but heals its wielder somewhat when it strikes a
   living foe.
   It protects you from fire.
   It has a curse placed upon it.
 L - a +2,+0 whip of freezing
 O - a +2,+3 war axe (weapon)
Missiles
 v - a throwing net (quivered) {!d, =f}
Armour
 c - a +0 shield (worn)
 j - a +0 cloak (worn)
 x - the +0 leather armour "Jeummi" {Str+3 Acc+3, unknown}
   (You found it on level 4 of the Dungeon)

   It affects your strength (+3).
   It affects your accuracy with ranged weapons and melee attacks (+3).
 D - the cursed +2 pair of boots of Pandemonium (worn) {Dex+3 Acc-1 SInv}
   (You found it on level 6 of the Dungeon)

   It affects your dexterity (+3).
   It affects your accuracy with ranged weapons and melee attacks (-1).
   It enhances your eyesight.
   It has a curse placed upon it.
 F - a +0 plate armour (worn)
Magical devices
 d - a wand of heal wounds (3) {@v1, !v}
 G - a wand of confusion (9)
 H - a wand of polymorph (4) {unknown}
Comestibles
 f - 7 bread rations {@e1}
 B - 6 beef jerkies
Scrolls
 a - 3 scrolls of vulnerability {unknown}
 g - a scroll of immolation {unknown}
 i - 8 scrolls of remove curse {@r2}
 l - a scroll of enchant armour {unknown}
 n - a scroll of magic mapping {unknown}
 o - 2 scrolls of noise {unknown}
 p - 4 scrolls of teleportation {unknown}
 q - 2 scrolls of blinking {unknown}
 r - 2 scrolls of enchant weapon II {unknown}
 y - 2 scrolls of random uselessness {unknown}
 z - 2 scrolls of fear {unknown}
 A - 2 scrolls of enchant weapon I {unknown}
 C - 2 scrolls of amnesia {unknown}
Jewellery
 e - a +3 ring of dexterity (left hand)
 t - an uncursed ring of wizardry
 u - a +3 ring of evasion (right hand)
 N - an uncursed ring of poison resistance {unknown}
Potions
 b - 2 potions of agility {unknown}
 h - 2 potions of heal wounds {@q2, !q}
 w - a potion of beneficial mutation {unknown}
 E - 2 potions of curing {@q1}
 J - a potion of brilliance {unknown}
 P - a potion of berserk rage {unknown}
Miscellaneous
 I - a box of beasts


   Skills:
 + Level 7.6 Fighting
 * Level 11.9 Axes
 + Level 9.1 Armour
 + Level 9.2 Shields


You had 4 spell levels left.
You knew the following spells:

 Your Spells              Type           Power        Failure   Level  Hunger
Y - Statue Form           Trmt/Erth      #.........   100%        6    #######


Dungeon Overview and Level Annotations

Branches:
Dungeon (10/15)            Temple (1/1) D:4            Lair (0/8) D:9
    Orc: D:9-12

Altars:
Ashenzari
Dithmenos
Elyvilon
Fedhas
Kikubaaqudgha
Makhleb
Nemelex Xobeh
Okawaru
Sif Muna
Trog
Vehumet
Xom
Yredelemnul
Zin
The Shining One

Shops:
D:7 [

Annotations:
D:4 Sigmund
D:10 Sonja


Innate Abilities, Weirdness & Mutations

You are resistant to damage.
You can recharge devices by infusing magical energy.
You passively map the area around you.
You do not heal naturally.


Message History

The tentacled starspawn is heavily damaged.
The tentacled starspawn bites you but does no damage.
The tentacled starspawn barely misses you.
Unknown command.
You slash the tentacled starspawn!
The tentacled starspawn is heavily damaged.
The starspawn tentacle grabs you. The starspawn tentacle constricts you.
You block the tentacled starspawn's attack.
The tentacled starspawn engulfs you but does no damage.
You hit the tentacled starspawn.
The starspawn tentacle loses its grip on you.
The tentacled starspawn is severely damaged.
The starspawn tentacle grabs you. The starspawn tentacle constricts you.
The tentacled starspawn bites you!
The tentacled starspawn engulfs you but does no damage.
You take 6 damage, and have 69/94 hp.
You slash the tentacled starspawn!
The starspawn tentacle loses its grip on you.
The tentacled starspawn is almost destroyed.
The starspawn tentacle completely misses you.
The tentacled starspawn bites you!
The tentacled starspawn completely misses you.
You take 4 damage, and have 65/94 hp.
You slash the tentacled starspawn!
The tentacled starspawn is almost destroyed.
The starspawn tentacle barely misses you.
The tentacled starspawn barely misses you.
The tentacled starspawn engulfs you.
Unknown command.
You slice the tentacled starspawn!!
You destroy the tentacled starspawn!
The starspawn's tentacles wither and die.
Your Armour skill increases to level 9!
Your Shields skill increases to level 9!
You have reached level 11!
You regained 4 hp, and now have 69/100 hp.
MP restored: 5 Unknown command.
A hellion comes into view.
A raiju comes into view.
The raiju barks!
A raiju comes into view.
A bone dragon comes into view.
Unknown command.
The raiju bites you but does no damage.
You barely miss the raiju.
The raiju bursts into living lightning!
The living lightning hits you!
The raiju blinks!
You take 16 damage, and have 53/100 hp.
A thrashing horror and a raiju come into view.
The thrashing horror roars!
The raiju barks!
The raiju bursts into living lightning!
The living lightning hits you!
The raiju blinks!
The raiju bursts into living lightning!
The living lightning hits you!
* * * LOW HITPOINT WARNING * * *
The raiju blinks! x2
You take 12 damage, and have 41/100 hp.
You closely miss the raiju. The raiju bites you. The raiju shocks you!
* * * LOW HITPOINT WARNING * * *
The raiju barely misses you.
The bone dragon bites you but does no damage.
The bone dragon claws you but does no damage.
You block the bone dragon's attack.
You take 7 damage, and have 34/100 hp.
You closely miss the raiju. The raiju bites you but does no damage.
The raiju bites you but does no damage. You block the bone dragon's attack.
The bone dragon claws you!
* * * LOW HITPOINT WARNING * * *
The bone dragon barely misses you.
You take 8 damage, and have 26/100 hp.
Unknown command.
You miss the raiju. The raiju closely misses you. You block the raiju's attack.
The bone dragon closely misses you. The bone dragon claws you!
* * * LOW HITPOINT WARNING * * *
The bone dragon tramples you but does no damage.
You take 8 damage, and have 18/100 hp.
Unknown command.
Your shield and plate armour prevent you from hitting the raiju.
The raiju bites you.
* * * LOW HITPOINT WARNING * * *
The raiju shocks you!
* * * LOW HITPOINT WARNING * * *
The raiju bites you but does no damage. The bone dragon barely misses you.
The bone dragon claws you but does no damage.
The bone dragon tramples you but does no damage.
You take 8 damage, and have 10/100 hp.
You hit the raiju.
The raiju is lightly wounded.
Unknown command.
You block the raiju's attack.
The bone dragon bites you but does no damage.
The bone dragon claws you but does no damage.
You block the bone dragon's attack.
Unknown command.
A small abomination comes into view.
The raiju bursts into living lightning!
The living lightning hits you!
You die...

. .. # X#x....#..#
≈≈≈≈#.##....## #
≈≈≈≈≈#.. ..#..# ...
≈≈≈≈≈≈#.####..## .#
≈≈≈≈≈≈≈....##.......
≈≈≈≈≈≈≈#..#.#..#.#.##
≈≈≈≈≈..##@..##..#
≈≈≈≈≈...§hh###.##. #
#.≈≈..⌠D#h# ..# # .#
≈≈≈≈≈...#.## #. ..##
≈≈#≈.#.##.#..#.# ##
≈≈≈≈ ..#.§... #. ≈≈≈
....###. .#. ≈ .. ..
.#.#### ≈≈... . .#


You could see a bone dragon, 3 raiju and a small abomination.

Vanquished Creatures
  2 tentacled starspawn (Abyss:1)
  Pikel (D:9)
  A gargoyle (D:9)
  2 ancient zymes (Abyss:1)
  A troll (D:9)
  A raiju (Abyss:1)
  A trapdoor spider zombie (D:9)
  A hippogriff (D:9)
  A hungry ghost (D:7)
  3 small abominations (Abyss:1)
  A water moccasin (D:6)
  An orc warrior (D:7)
  A necrophage (D:7)
  2 phantoms (D:7)
  4 ogres
  2 ice beasts
  A centaur (D:5)
  Duvessa (D:5)
  A giant frog (D:9)
  2 big kobolds
  4 scorpions
  A yak zombie (D:9)
  5 wights (D:5)
  A goliath beetle (D:6)
  Dowan (D:5)
  3 crimson imps
  A jelly (D:9)
  7 hounds
  2 orc priests
  4 orc wizards
  6 iguanas
  10 worker ants
  Ijyb (D:7)
  5 adders
  A gnoll (D:1)
  A worker ant zombie (D:6)
  2 worm zombies (D:7)
  3 giant mites
  3 worms
  A shadow imp (D:6)
  An ufetubus (Abyss:1)
  2 adder zombies
  3 giant geckos
  23 orcs
  17 bats
  A bat zombie (D:8)
  3 giant cockroaches
  14 goblins
  10 hobgoblins
  4 jackals (D:8)
  4 quokkas
  2 giant newts
  A hobgoblin skeleton (D:6)
  A hobgoblin zombie (D:5)
  A jackal skeleton (D:7)
  23 kobolds
  2 kobold zombies
  2 orc skeletons
  13 rats
  A rat zombie (D:6)
  A starspawn tentacle (Abyss:1)
221 creatures vanquished.

Vanquished Creatures (others)
  A black bear (D:9)
  2 slaves (D:9)
  An orc priest (D:9)
  An orc (D:9)
  4 starspawn tentacles (Abyss:1)
  79 starspawn tentacle segments (Abyss:1)
88 creatures vanquished.

Grand Total: 309 creatures vanquished

Notes
Turn   | Place    | Note
--------------------------------------------------------------
     0 | D:1      | Goblin1989, the Deep Dwarf Fighter, began the quest for the Orb.
     0 | D:1      | Reached XP level 1. HP: 20/20 MP: 1/1
   277 | D:1      | Reached XP level 2. HP: 27/27 MP: 2/2
   747 | D:2      | Found a deep blue altar of Sif Muna.
   786 | D:2      | Reached XP level 3. HP: 24/33 MP: 3/3
  1458 | D:3      | Reached XP level 4. HP: 40/42 MP: 4/4
  1607 | D:3      | Reached skill level 4 in Shields
  1636 | D:3      | Found a sparkling altar of Nemelex Xobeh.
  1865 | D:3      | Noticed an ogre
  1870 | D:3      | Killed an ogre
  1870 | D:3      | Reached XP level 5. HP: 44/49 MP: 5/5
  2268 | D:4      | Noticed an ice beast
  2279 | D:4      | Killed an ice beast
  2279 | D:4      | Reached skill level 5 in Axes
  2279 | D:4      | Reached XP level 6. HP: 47/57 MP: 6/6
  2403 | D:4      | Noticed an ogre
  2404 | D:4      | Noticed Sigmund
  2431 | D:4      | Found a staircase to the Ecumenical Temple.
  2459 | Temple   | Entered the Ecumenical Temple
  2701 | D:5      | Entered Level 5 of the Dungeon
  2731 | D:5      | Reached skill level 5 in Shields
  2757 | D:5      | Reached XP level 7. HP: 42/63 MP: 7/7
  2792 | D:5      | Reached skill level 6 in Axes
  2843 | D:5      | Got a dazzling spear
  2878 | D:5      | Reached skill level 5 in Armour
  2902 | D:5      | Noticed Dowan
  2932 | D:5      | Noticed Duvessa
  2951 | D:5      | Killed Duvessa
  2982 | D:5      | Killed Dowan
  3068 | D:5      | Found a shadowy altar of Dithmenos.
  3414 | D:5      | Reached XP level 8. HP: 25/73 MP: 8/8
  3688 | D:4      | Got a distressingly furry leather armour
  3759 | D:4      | Reached skill level 7 in Axes
  4332 | D:6      | Found a white marble altar of Elyvilon.
  4809 | D:6      | Got a pair of warped boots
  4826 | D:5      | Identified the cursed +2 pair of boots of Pandemonium {Dex+3 Acc-1 SInv} (You found it on level 6 of the Dungeon)
  5177 | D:6      | Reached skill level 5 in Fighting
  5339 | D:7      | Noticed Ijyb
  5360 | D:7      | Killed Ijyb
  5448 | D:7      | Reached skill level 8 in Axes
  5459 | D:7      | Paralysed by a potion of paralysis for 7 turns
  5609 | D:7      | Gained mutation: You passively map the area around you. [level up]
  5609 | D:7      | Reached XP level 9. HP: 74/81 MP: 6/6
  6092 | D:7      | Reached skill level 9 in Axes
  6214 | D:7      | Found Xecufei's Armour Emporium.
  6374 | D:7      | Bought a +0 plate armour for 345 gold pieces
  6555 | D:8      | Found a glowing golden altar of the Shining One.
  6620 | D:8      | Found a shimmering altar of Xom.
  7070 | D:8      | Goblin1989: ??makhleb
  7070 | D:8      | XtahuaRules: makhleb[1/6]: Makhleb wants kills and provides hp-for-kills, two conjuration invocations, and two summoning invocations. Note that Minor Destruction has no piety cost, so you can use it freely (though it is hungering); servants are not 100% friendly; and greater demons are effective against essentially everything.
  7070 | D:8      | Goblin1989: ??makhleb [2
  7070 | D:8      | XtahuaRules: makhleb[2/6]: See {minor destruction}, {lesser servant}, {major destruction}, or {greater servant} for details on the invocations.
  7070 | D:8      | Goblin1989: ??makhleb [3
  7070 | D:8      | XtahuaRules: makhleb[3/6]: The hp gain is HD - 1 + 1d(HD) and the chance of being healed is (piety-30)/piety.
  7070 | D:8      | Goblin1989: ??makhleb [4
  7070 | D:8      | XtahuaRules: makhleb[4/6]: BLOOD AND SOULS
  7070 | D:8      | Goblin1989: ??makhleb [5
  7070 | D:8      | XtahuaRules: makhleb[5/6]: Arrhythmia: 1) every character needs HP to live - Arrhythmia: 2) makh gives HP - Arrhythmia: 3) therefore, makh is good for every character
  7070 | D:8      | Goblin1989: ??makhleb [6
  7070 | D:8      | XtahuaRules: makhleb[6/6]: {minor destruction}: Costs 1 HP and 20-40 Food, {lesser servant}: Costs 4 HP, 50-100 Food, and 1-2 Piety, {major destruction}: Costs 6 HP, 100-200 Food, and 0-1 Piety, {greater servant}: Costs 10 HP, 100-200 Food, and 5-8 Piety
  7151 | D:9      | Found a staircase to the Lair.
  7328 | D:9      | Noticed Pikel
  7338 | D:9      | Killed Pikel
  7338 | D:9      | Reached skill level 10 in Axes
  7419 | D:9      | Found a burning altar of Makhleb.
  7427 | D:9      | Became a worshipper of Makhleb the Destroyer
  7486 | D:9      | Noticed a gargoyle
  7502 | D:9      | Killed a gargoyle
  7549 | D:9      | Reached XP level 10. HP: 79/92 MP: 7/7
  7603 | D:9      | Found a blossoming altar of Fedhas.
  7976 | D:10     | Entered Level 10 of the Dungeon
  8012 | D:10     | Noticed Sonja
  8017 | D:10     | Cast into the Abyss (Sonja)
  8112 | Abyss:1  | Learned a level 6 spell: Statue Form
  8163 | Abyss:1  | Noticed a tentacled starspawn
  8182 | Abyss:1  | Killed a tentacled starspawn
  8182 | Abyss:1  | Reached skill level 11 in Axes
  8192 | Abyss:1  | Noticed a large abomination
  8218 | Abyss:1  | Noticed a tentacled starspawn
  8230 | Abyss:1  | Killed a tentacled starspawn
  8230 | Abyss:1  | Reached XP level 11. HP: 69/100 MP: 5/5
  8246 | Abyss:1  | Noticed a hellion
  8248 | Abyss:1  | Noticed a bone dragon
  8250 | Abyss:1  | Noticed a thrashing horror
  8257 | Abyss:1  | Killed from afar by a raiju

Action                   |  1- 3 |  4- 6 |  7- 9 | 10-12 || total
-------------------------+-------+-------+-------+-------++-------
Melee: War axe           |   134 |   159 |   528 |    88 ||   909
 Abil: Device Recharging |       |       |     3 |     3 ||     6
Evoke: Wand              |       |     1 |    21 |     9 ||    31
  Use: Scroll            |     2 |       |     4 |       ||     6
       Potion            |     1 |     2 |     7 |     1 ||    11

Vault maps used:
D:1:      lightli_arrival_statuegarden, hangedman_abyss_or_decor_stabs
D:2:      led_sif_pool
D:3:      lemuel_doored_altar, first_bread
D:4:      kennysheep_big_flooded_room, temple_fountains,
          kennysheep_generic_room_8, uniq_sigmund
D:5:      grunt_dithmenos_smoke_and_mirrors, uniq_duvessa
D:6:      elyvilon_altar_3, minmay_misc_feat_doors
D:7:      serial_shops, nicolae_shop_trees, grunt_ogre_cave, uniq_iyjb
D:8:      xom_teletrap_fun, basic_altar, kennysheep_opposing_triangles
D:9:      makhleb_heckhound_becter, nicolae_overflow_hidden_temple,
          general_overflow_altar, lair_0_dummy, uniq_pikel
D:10:     erik_orc_2, serial_shops, shop, hangedman_incinerator, uniq_sonja
Temple:   minmay_temple_bridge_b_8
